AoeStats
← charliegieser

Arena

507184331Analyzed
2v2 RM · 15d ago on Sep 17, 2026· 39m 4s· 4 players
Game mode
Random Map
Map size
Medium (4 player)
Population
200
Speed
Normal
Resources
Standard
Victory
Conquest
Starting age
Dark Age
Ending age
Imperial Age
RankedLock teamsTeams togetherTeam positionsShared explorationLock speedFull tech treeHidden civsTurbo modeCheats
Victory
Defeat
🇺🇸 Khmer · United States
919
+14
🇺🇸 Vikings · United States
893
+15
🇧🇷 Malay · Brazil
952
-18
🇧🇷 Bohemians · Brazil
782
-11
wgieser
10:48 Feudal Age
14:51 Castle Age
14:36 Double-Bit Axe
37:48 Imperial Age
35:02 Crossbowman
charliegieser
12:00 Feudal Age
14:02 Loom
18:02 Castle Age
17:06 Horse Collar
17:16 Double-Bit Axe
18:20 Man-at-Arms
18:47 Gambesons
19:02 Squires
20:15 Gold Mining
23:05 Bow Saw
23:32 Gold Shaft Mining
23:38 Crossbowman
25:04 Long Swordsman
25:30 Arson
28:55 Heavy Plow
29:49 Fletching
36:19 Scale Mail Armor
36:29 Forging
37:05 Chieftains
Que vc se lasque
7:56 Loom
11:49 Feudal Age
12:20 Double-Bit Axe
17:42 Horse Collar
21:54 Castle Age
joselitopereirajr
11:48 Feudal Age
15:42 Castle Age
20:16 Horse Collar
20:30 Double-Bit Axe
23:00 Forging
28:22 Iron Casting
Connection lost

Rejoining the realm…

Still unreachable

The connection could not be restored.

Session expired

The server has moved on; the page needs a fresh start.